 Dungeon Crawl Stone Soup version 0.18.1-48-g4cf74bf (webtiles) character file.

172 HolyGrifer the Shield-Bearer (level 5, -2/33 HPs)
             Began as a Gargoyle Fighter on Aug 16, 2016.
             Was an Initiate of Pakellas.
             Slain by an ogre
             ... wielding a +0 giant spiked club
              (7 damage)
             ... on level 4 of the Dungeon.
             The game lasted 00:16:09 (2367 turns).

HolyGrifer the Shield-Bearer (Gargoyle Fighter)     Turns: 2367, Time: 00:16:10

Health: -2/33      AC: 11    Str: 21    XL:     5   Next: 52%
Magic:  5/5        EV:  7    Int:  8    God:    Pakellas [......]
Gold:   43         SH:  9    Dex:  9    Spells: 0 memorised, 4 levels left

rFire  . . .     SeeInvis .     a - +0 war axe
rCold  . . .     Gourm    .     b - +0 scale mail
rNeg   + . .     Faith    .     c - +0 shield
rPois  ∞         Spirit   .     k - -1 helmet (curse)
rElec  +         Dismiss  .     (no cloak)
rCorr  .         Reflect  .     (no gloves)
SustAt .         Harm     .     (no boots)
MR     .....                    (no amulet)
Stlth  ..........               (no ring)
                                (no ring)

@: not resistant to hostile enchantments, extremely unstealthy
A: negative energy resistance 1, electricity resistance, unbreathing,
petrification resistance, rot immunity, AC +4
a: Renounce Religion


You were on level 4 of the Dungeon.
You worshipped Pakellas.
Pakellas was noncommittal.
You were hungry.

You visited 1 branch of the dungeon, and saw 4 of its levels.

You collected 43 gold pieces.

Inventory:

Hand Weapons
 a - a +0 war axe (weapon)
Armour
 b - a +0 scale mail (worn)
 c - a +0 shield (worn)
 k - a cursed -1 helmet (worn)
Wands
 l - a wand of random effects (9/48)
 p - a wand of iceblast (10/15)
Scrolls
 e - a scroll of teleportation
 g - a scroll of fog
 i - a scroll of recharging
 n - a scroll of noise
 r - a scroll of amnesia {unknown}
 t - a scroll of identify
Potions
 d - a potion of might
 m - a potion of curing
Books
 s - a book of Clouds

   Spells                             Type                      Level
   a - Mephitic Cloud                 Conjuration/Poison/Air       3
   b - Conjure Flame                  Conjuration/Fire             3
   c - Poisonous Cloud                Conjuration/Poison/Air       6
   d - Freezing Cloud                 Conjuration/Ice/Air          6
   e - Ring of Flames                 Charms/Fire                  7
Comestibles
 f - 2 bread rations
 j - a meat ration
 q - a beef jerky


   Skills:
 + Level 4.2 Fighting
 + Level 2.6 Axes
 + Level 4.3 Armour
 + Level 1.0 Stealth
 + Level 4.4 Shields


You had 4 spell levels left.
You didn't know any spells.

Dungeon Overview and Level Annotations

Branches:
Dungeon (4/15)
 Temple: D:4-7

Altars:
Pakellas
Vehumet


Innate Abilities, Weirdness & Mutations

You are resistant to torment.
Your stone body is resilient (AC +4).
You are immune to poison.
You resist negative energy.
You are resistant to electric shocks.
You can survive without breathing.
You are immune to petrification.
You are immune to rotting.


Message History

You slash the ogre!
The ogre is moderately wounded.
The ogre hits you with a giant spiked club!!
Ouch! That really hurt!
* * * LOW HITPOINT WARNING * * *
You block the ball python's attack. The ball python grabs you.
The ball python constricts you.
You escape the ball python's grasp.
The ogre barely misses you. The ball python closely misses you.
You block the ball python's attack. You block the ball python's attack.
The ball python grabs you. The ball python constricts you.
Your attempt to break free from the ball python fails, but you feel that another attempt might succeed.
You block the ogre's attack. You block the ball python's attack.
The ball python constricts you.
You escape the ball python's grasp.
The ball python bites you but does no damage.
The ball python barely misses you.
The ogre hits you with a giant spiked club!
You die...
Pakellas says: Time to start the next experiment...

#............
#....$........
#.......(....
#...........#
####..........# #
#............##
#...##...##.....#
..####...##.....#
..##...##@.#...
#.###..SO.## ..
#<##.....## #
#..#.)####
####.#..#
#.......#
#.......#
#.......#
..........#


You could see an ogre and a ball python.

Vanquished Creatures
  2 giant frog skeletons
  Robin (D:2)
  4 adders
  An ooze (D:1)
  2 giant geckos
  3 ball pythons
  6 giant cockroaches
  14 goblins
  6 hobgoblins
  4 jackals
  5 bats
  A giant newt (D:3)
  5 kobolds
  A rat (D:2)
55 creatures vanquished.

Notes
Turn   | Place    | Note
--------------------------------------------------------------
     0 | D:1      | HolyGrifer the Gargoyle Fighter began the quest for the Orb.
     0 | D:1      | Reached XP level 1. HP: 14/14 MP: 1/1
   214 | D:1      | Reached XP level 2. HP: 19/19 MP: 2/2
   427 | D:1      | Reached XP level 3. HP: 22/24 MP: 3/3
   902 | D:2      | Noticed Robin
   912 | D:2      | Killed Robin
   912 | D:2      | Reached XP level 4. HP: 15/29 MP: 4/4
  1414 | D:3      | Found a radiant altar of Vehumet.
  1599 | D:3      | Found an oddly glowing altar of Pakellas.
  1705 | D:3      | Became a worshipper of Pakellas the Inventive
  2034 | D:3      | Reached XP level 5. HP: 10/33 MP: 5/5
  2350 | D:4      | Reached skill level 1 in Stealth
  2352 | D:4      | Noticed an ogre
  2367 | D:4      | Slain by an ogre

Skill      XL: |  1  2  3  4  5 |
---------------+----------------+-----
Axes           | 2 |  2.6
Fighting       | 4 |  4.2
Shields        | 4 |  4.4
Armour         | 4 |  4.3
Stealth        | 1 |  1.0

Action                   |  1- 3 |  4- 6 || total
-------------------------+-------+-------++-------
Melee: War axe           |    84 |    93 ||   177
Evoke: Wand              |       |     1 ||     1
  Use: Potion            |     2 |     3 ||     5
       Scroll            |     4 |       ||     4
 Stab: Invisible         |       |     1 ||     1
  Eat: Chunk             |       |     3 ||     3
       Royal jelly       |       |     1 ||     1
Armor: Scale mail        |    63 |    55 ||   118
Dodge: Dodged            |    51 |    43 ||    94
Block: Shield            |    56 |    80 ||   136
